 Dungeon Crawl Stone Soup version 0.30-a0-39-g42789b21ef (webtiles) character file.

Game seed: 2196251909044955933

23 nucleargodhead the Cudgeller (level 2, 0/24 HPs)
             Began as a Demonspawn Berserker on Aug 28, 2022.
             Was a Follower of Trog.
             Succumbed to a goblin's poison
             ... on level 1 of the Dungeon.
             The game lasted 00:00:58 (582 turns).

nucleargodhead the Cudgeller (Demonspawn Berserker)  Turns: 582, Time: 00:00:58

Health: 0/24       AC:  3    Str: 17    XL:     2   Next: 72%
Magic:  2/2        EV: 11    Int:  8    God:    Trog [*.....]
Gold:   23         SH:  4    Dex: 12    Spells: 1/1 levels left

rFire   . . .      SeeInvis .    a - +0 mace
rCold   . . .      Faith    .    (no shield)
rNeg    . . .      Spirit   .    c - +0 leather armour
rPois   .          Reflect  .    (no helmet)
rElec   .          Harm     .    (no cloak)
rCorr   .          Rampage  .    (no gloves)
Will    .....                    (no boots)
Stlth   +.........               (no amulet)
HPRegen 0.08/turn                (no ring)
MPRegen 0.08/turn                (no ring)

@: lethally poisoned (0 -> -5)
A: condensation shield
a: Renounce Religion, Berserk


You were on level 1 of the Dungeon.
You worshipped Trog.
Trog was aware of your devotion.
You visited 1 branch of the dungeon, and saw 1 of its levels.

You collected 23 gold pieces.

Inventory:

Hand Weapons
 a - a +0 mace (weapon)
Armour
 b - a +0 animal skin
 c - a +0 leather armour (worn)
Scrolls
 d - a scroll of magic mapping {unknown}
 e - 2 scrolls of vulnerability {unknown}


   Skills:
 + Level 3.3 Fighting
 * Level 3.4 Maces & Flails
 - Level 1.7 Armour
 - Level 1.7 Dodging


You had one spell level left.
You didn't know any spells.
Your spell library was empty.

Dungeon Overview and Level Annotations

Branches:
Dungeon (1/15)

Altars:


Innate Abilities, Weirdness & Mutations

A meltable shield of frost defends you. (SH +4)


Message History

You sock the endoplasm!
You kill the endoplasm!
Trog accepts your kill. The goblin hits you but does no damage.
You see here 9 gold pieces.
You barely miss the goblin.
The goblin hits you with a +2 dagger of venom.
You are poisoned.
The ball python closely misses you. The ball python grabs you.
The ball python constricts you.
You hit the ball python but do no damage.
You feel very sick. You block the goblin's attack. The ball python misses you.
The ball python constricts you.
You barely miss the ball python.
You feel sick.
The goblin hits you with a +2 dagger of venom.
You block the ball python's attack. The ball python constricts you.
An endoplasm comes into view.
The goblin hits you with a +2 dagger of venom.
You are lethally poisoned!
You are too injured to fight recklessly!
You escape the ball python's grasp.
You feel very sick.
* * * LOW HITPOINT WARNING * * *
You feel very sick.
You see here a scroll labelled PUOB VITAHINA.
You aren't carrying any potions.
The endoplasm quivers.
You sock the ball python!
You kill the ball python!
Trog accepts your kill.
* * * LOW HITPOINT WARNING * * *
You feel sick.
You barely miss the goblin.
* * * LOW HITPOINT WARNING * * *
You feel sick. The goblin barely misses you.
You sock the goblin!
You kill the goblin!
Trog accepts your kill.
You die...

#.## #.. ...# #.# #..#
#########.#
#..###....)....###..##
.......##......... .##
#.....###.###..#####..##
)......##..............##
#.........###..###......#
##.....##.# #...@).....#
#....###.# #.####$J...#
#...## #.# #.# #.....#
....# #.# #.# ###.#(...
.... ... ... .# #.#
#.#..## #. ... .# #
8+8### .### # ~.~≈≈##
.P.~≈≈##


You could see an endoplasm.

Vanquished Creatures
  A dart slug (D:1)
  5 endoplasms (D:1)
  A giant cockroach (D:1)
  3 goblins (D:1)
  A quokka (D:1)
  2 ball pythons (D:1)
  3 bats (D:1)
  2 kobolds (D:1)
  2 rats (D:1)
20 creatures vanquished.

Notes
Turn   | Place    | Note
-------+----------+-------------------------------------------
     0 | D:1      | nucleargodhead the Demonspawn Berserker began the quest for
                  | the Orb.
     0 | D:1      | Reached XP level 1. HP: 18/18 MP: 1/1
   198 | D:1      | Gained mutation: A meltable shield of frost defends you.
                  | (SH +4) [demonic ancestry]
   198 | D:1      | Reached XP level 2. HP: 24/24 MP: 2/2
   582 | D:1      | Succumbed to a goblin's poison

Illustrated notes

Levels and vault maps discovered:
D:1:      lightli_arrival_statuegarden, layout_loops_ring, grunt_decor_arrowhead

Skill      XL: |  1 |
---------------+----+-----
Maces & Flails | 3 |  3.4
Fighting       | |  3.3
Armour         | |  1.7
Dodging        | |  1.7

Action                   || total
-------------------------++-------
Melee: Mace              ||    53
 Stab: Sleeping          ||     1
Armor: Animal skin       ||     3
       Leather armour    ||    12
Dodge: Dodged            ||    34
Block: Other             ||     5

Table legend: (Time is in decaauts)
 A = Elapsed time spent in this place.
 B = Non-inter-level travel time spent in this place.
 C = Inter-level travel time spent in this place.
 D = Time resting spent in this place.
 E = Time spent auto-exploring this place.
 F = Levels seen in this place.
 G = Mean time per level.
                   A        B        C        D        E       F      G
               +--------+--------+--------+--------+--------+-----+--------+
         Total |    594 |    594 |      0 |      0 |    458 |   1 |  594.0 |
       Dungeon |    594 |    594 |      0 |      0 |    458 |   1 |  594.0 |
               +--------+--------+--------+--------+--------+-----+--------+

Top non-repeatable levels by time:
     D:1: 594 daAuts
